 Dungeon Crawl Stone Soup version 0.30-a0-728-gc68057be0a (webtiles) character file.

Game seed: 4252119641914976416

3222 Strat the Basher (level 9, -2/68 (71) HPs)
             Began as a Gnoll Reaver on Jan 31, 2023.
             Was an Initiate of Gozag.
             Slain by an orc warrior
             ... wielding a +2 dire flail of draining
              (8 damage)
             ... on level 8 of the Dungeon.
             The game lasted 00:15:46 (7786 turns).

Strat the Basher (Gnoll Reaver)                     Turns: 7786, Time: 00:15:47

HP:   -2/68 (71)    AC:  7    Str: 16    XL:     9   Next: 98%
MP:   9/19          EV: 13    Int: 12    God:    Gozag
Gold: 694           SH:  0    Dex: 11    Spells: 12/22 levels left

rFire   . . .      SeeInvis .    a - +1 flail
rCold   + . .      Faith    .    g - +0 buckler
rNeg    . . .      Spirit   .    s - +0 leather armour {rC+}
rPois   .          Reflect  +    h - +1 helmet
rElec   .          Harm     .    (no cloak)
rCorr   .          Rampage  .    (no gloves)
Will    .....                    u - +0 pair of boots
Stlth   +                        d - amulet of reflection
HPRegen 0.31/turn                (no ring)
MPRegen 0.16/turn                (no ring)

@: confused, about to teleport, ambrosia-drunk, gold aura, lightly drained
A: fangs 1, strong nose, distributed training
a: Renounce Religion, Potion Petition, Call Merchant, Bribe Branch


You were on level 8 of the Dungeon.
You worshipped Gozag.
Gozag was pleased with you.
You visited 2 branches of the dungeon, and saw 9 of its levels.

You collected 804 gold pieces.
You paid 110 gold pieces to Gozag.

Inventory:

Hand Weapons
 a - a +1 flail (weapon)
 k - a +0 mace
Missiles
 c - 14 poisoned darts
 r - 2 throwing nets
Armour
 g - a +0 buckler (worn)
 h - a +1 helmet (worn)
 s - a +0 leather armour of cold resistance (worn)
 u - a +0 pair of boots (worn)
Jewellery
 d - an amulet of reflection (around neck)
Wands
 e - a wand of mindburst (9)
 j - a wand of iceblast (20)
 p - a wand of flame (35)
Scrolls
 b - a scroll of enchant weapon
 f - 5 scrolls of identify
 i - 2 scrolls of magic mapping
Potions
 l - a potion of resistance
 m - a potion of ambrosia
 n - 3 potions of brilliance
 q - 3 potions of degeneration
 t - a potion of curing {unknown}


   Skills:
 + Level 6.8 Fighting
 + Level 4.9 Short Blades
 + Level 4.9 Long Blades
 + Level 4.9 Axes
 + Level 8.3 Maces & Flails
 + Level 4.9 Polearms
 + Level 4.9 Staves
 + Level 4.9 Ranged Weapons
 + Level 4.9 Throwing
 + Level 4.9 Armour
 + Level 6.8 Dodging
 + Level 4.9 Stealth
 + Level 4.9 Shields
 + Level 4.9 Unarmed Combat
 + Level 7.1 Spellcasting
 + Level 6.9 Conjurations
 + Level 4.1 Hexes
 + Level 4.1 Summonings
 + Level 4.1 Necromancy
 + Level 4.1 Translocations
 + Level 4.1 Transmutations
 + Level 4.1 Fire Magic
 + Level 4.1 Ice Magic
 + Level 4.1 Air Magic
 + Level 4.1 Earth Magic
 + Level 4.1 Poison Magic
 + Level 5.4 Invocations
 + Level 4.9 Evocations


You had 12 spell levels left.
You knew the following spells:

 Your Spells              Type           Power      Damage    Failure   Level
a - Kiss of Death         Conj/Necr      68%        2d10      2%          1
b - Momentum Strike       Conj/Tloc      34%        3d8       4%          2
c - Hailstorm             Conj/Ice       17%        3d6       8%          3
d - Passage of Golubria   Tloc           14%        N/A       43%         4

Your spell library contained the following spells:

 Spells                   Type           Power      Damage    Failure   Level
 Call Canine Familiar     Summ           14%        N/A       14%         3
 Portal Projectile        Hex/Tloc       28%        N/A       14%         3
 Tukima's Dance           Hex            14%        N/A       14%         3
 Leda's Liquefaction      Hex/Erth       7%         N/A       43%         4
 Freezing Cloud           Conj/Ice/Air   8%         6-21      65%         5
 Yara's Violent Unravell  Hex/Tmut       7%         3d5       78%         5
 Polar Vortex             Ice            7%         N/A       100%        9
 Simulacrum               Ice/Necr       Unusable   N/A       N/A         6

Dungeon Overview and Level Annotations

Branches:
Dungeon (8/15)             Temple (1/1) D:4
   Lair: D:8-11

Altars:
Ashenzari
Dithmenos
Gozag
Hepliaklqana
Kikubaaqudgha
Nemelex Xobeh
Ru
Sif Muna
Trog
Uskayaw
Vehumet
Wu Jian
Yredelemnul
Zin
The Shining One

Shops:
D:7 :

Annotations:
D:4 3 runed translucent doors, bande's ghost, amateur GrFi
D:5 2 runed translucent doors
D:8 Grum; Maurice


Innate Abilities, Weirdness & Mutations

You have very sharp teeth.
Your uncanny sense of smell can sniff out nearby items.
Your experience applies equally to all skills.


Message History

The hail pelts the orc wizard!
The orc wizard is severely wounded.
The hail pelts the wolf!
The wolf is moderately wounded.
The hail misses the wight.
The hail pelts the orc.
The orc is almost dead.
The hail pelts the wight.
The wight partially resists.
The wight is lightly damaged.
The hail misses the wolf.
You are no longer robbed of momentum.
The wight is no longer distracted by gold.
The wolf is distracted by your dazzling golden aura.
You block the wyvern's attack. The wight barely misses you.
The orc priest completely misses you.
The orc warrior hits you with a +2 dire flail of draining!
* * * LOW HITPOINT WARNING * * *
You feel drained.
* * * LOW HITPOINT WARNING * * *
The iguana is distracted by your dazzling golden aura.
The wight is distracted by your dazzling golden aura.
The wight hits you with a +3 short sword.
* * * LOW HITPOINT WARNING * * *
You feel drained.
* * * LOW HITPOINT WARNING * * *
You are confused.
You feel invigorated. The wyvern completely misses you. The wyvern misses you.
The wight hits you from afar with a +0 spear.
* * * LOW HITPOINT WARNING * * *
Maurice shouts, "Mine, all mine!"
A wight comes into view. It is wielding a +0 spear.
The orc hits you but does no damage.
A basilisk comes into view.
The wight is distracted by your dazzling golden aura.
The wight closely misses you.
The orc wizard mumbles some strange words.
The orc wizard flickers and vanishes!
Deactivating autopickup; reactivate with Ctrl-A.
The orc warrior hits you with a +2 dire flail of draining!
You die...
Your body crumbles into a pile of gold.

.P...P.PP z.
... ... ..##
... ....
z...###@###....
.).g..#.......
#..#..#.....##
#.l..{O.....##
#.hhlooz....#
#oz@......l
#..z......#
##...z....#
###......#
....... $
##..### ...
....


You could see Maurice, a two-headed ogre, Grum, a basilisk, an orc warrior, a
wyvern, 2 wolves, an iguana (unaware), 6 wights, an orc priest and an orc.

Vanquished Creatures
  Sigmund (D:2)
  3 yaks (D:8)
  A wraith (D:6)
  A vampire (D:5)
  A water moccasin (D:8)
  2 black bears
  An orc warrior (D:6)
  A sky beast (D:6)
  An ice beast (D:5)
  2 ogres
  A phantom (D:7)
  A centaur (D:7)
  A kobold brigand (D:5)
  2 bullfrogs
  A necrophage (D:3)
  4 scorpions
  A killer bee (D:8)
  A howler monkey (D:6)
  4 orc priests
  3 hounds
  3 iguanas
  Terence (D:2)
  7 orc wizards
  Robin (D:2)
  11 gnolls
  8 adders
  3 shadow imps
  A worm (D:2)
  2 dart slugs (D:3)
  16 orcs
  5 ball pythons
  8 bats
  6 endoplasms
  2 giant cockroaches
  18 goblins
  17 hobgoblins
  4 jackals (D:5)
  5 quokkas
  7 frilled lizards
  10 kobolds
  4 rats
172 creatures vanquished.

Vanquished Creatures (others)
  A kobold (D:5)
  A fungus (D:8)
  15 plants (D:8)
17 creatures vanquished.

Grand Total: 189 creatures vanquished

Notes
Turn   | Place    | Note
-------+----------+-------------------------------------------
     0 | D:1      | Strat the Gnoll Reaver began the quest for the Orb.
     0 | D:1      | Reached XP level 1. HP: 20/20 MP: 6/6
   103 | D:1      | Reached XP level 2. HP: 19/26 MP: 7/7
   111 | D:1      | Learned a level 2 spell: Momentum Strike
   536 | D:1      | Reached skill level 5 in Spellcasting
   536 | D:1      | Reached XP level 3. HP: 31/31 MP: 7/9
   540 | D:1      | Learned a level 3 spell: Hailstorm
   578 | D:1      | Found a faded altar of an unknown god.
  1053 | D:2      | Reached skill level 1 in Invocations
  1137 | D:2      | Noticed Sigmund
  1145 | D:2      | Killed Sigmund
  1146 | D:2      | Reached skill level 1 in Short Blades
  1146 | D:2      | Reached skill level 1 in Long Blades
  1146 | D:2      | Reached skill level 1 in Axes
  1146 | D:2      | Reached skill level 1 in Polearms
  1146 | D:2      | Reached skill level 1 in Staves
  1146 | D:2      | Reached skill level 1 in Ranged Weapons
  1146 | D:2      | Reached skill level 1 in Throwing
  1146 | D:2      | Reached skill level 1 in Armour
  1146 | D:2      | Reached skill level 1 in Stealth
  1146 | D:2      | Reached skill level 1 in Shields
  1146 | D:2      | Reached skill level 1 in Unarmed Combat
  1146 | D:2      | Reached skill level 1 in Hexes
  1146 | D:2      | Reached skill level 1 in Summonings
  1146 | D:2      | Reached skill level 1 in Necromancy
  1146 | D:2      | Reached skill level 1 in Translocations
  1146 | D:2      | Reached skill level 1 in Transmutations
  1146 | D:2      | Reached skill level 1 in Fire Magic
  1146 | D:2      | Reached skill level 1 in Ice Magic
  1146 | D:2      | Reached skill level 1 in Air Magic
  1146 | D:2      | Reached skill level 1 in Earth Magic
  1146 | D:2      | Reached skill level 1 in Poison Magic
  1146 | D:2      | Reached skill level 1 in Evocations
  1146 | D:2      | Reached XP level 4. HP: 32/38 MP: 7/11
  1146 | D:2      | Reached XP level 5. HP: 36/43 MP: 7/12
  1218 | D:2      | Noticed Robin
  1276 | D:1      | Reached XP level 6. HP: 12/50 MP: 10/13
  1420 | D:2      | Killed Robin
  1555 | D:2      | Noticed Terence
  1576 | D:2      | Killed Terence
  1577 | D:2      | Reached skill level 5 in Fighting
  1577 | D:2      | Reached skill level 5 in Dodging
  3201 | D:3      | Reached skill level 7 in Maces & Flails
  3201 | D:3      | Reached XP level 7. HP: 48/56 MP: 15/15
  3500 | D:4      | Found a staircase to the Ecumenical Temple.
  3644 | D:4      | Found a runed translucent gate.
  3650 | D:4      | Found a runed translucent gate.
  3652 | D:4      | Found a runed translucent gate.
  3654 | D:4      | Noticed bande's ghost (amateur GrFi)
  4307 | D:5      | Entered Level 5 of the Dungeon
  4367 | Temple   | Entered the Ecumenical Temple
  4402 | Temple   | Became a worshipper of Gozag Ym Sagoz the Greedy
  4511 | D:5      | Found an ornate altar of the Wu Jian Council.
  4511 | D:5      | Noticed a vampire
  4638 | D:5      | Reached XP level 8. HP: 48/63 MP: 16/16
  4753 | D:5      | Learned a level 4 spell: Passage of Golubria
  5264 | D:5      | Found a runed translucent door.
  5266 | D:5      | Found a runed translucent door.
  5399 | D:5      | Killed a vampire
  5518 | D:5      | Identified the +8 falchion of Ymofugy {venom, rF+ Str+7}
  5912 | D:6      | Found a shimmering blue altar of Sif Muna.
  6033 | D:6      | Reached XP level 9. HP: 49/69 MP: 18/18
  6727 | D:6      | Found a basalt altar of Yredelemnul.
  6816 | D:7      | Found Jukliel's Book Shoppe.
  7105 | D:7      | Reached skill level 8 in Maces & Flails
  7185 | D:7      | Found a broken altar of Ashenzari.
  7373 | D:7      | Reached skill level 5 in Invocations
  7504 | D:7      | Found a glowing silver altar of Zin.
  7508 | D:7      | Found a glowing golden altar of the Shining One.
  7511 | D:7      | Found a hazy altar of Hepliaklqana.
  7783 | D:8      | Noticed Grum
  7783 | D:8      | Noticed a two-headed ogre
  7784 | D:8      | Noticed Maurice
  7786 | D:8      | Slain by an orc warrior

Illustrated notes

Levels and vault maps discovered:
D:1:      psy_arrival_statuary, layout_loops_corners,
          chequers_ecumenical_altar_simple, dk_noncrumbling_3
D:2:      layout_basic, uniq_terence, uniq_robin, uniq_sigmund
D:3:      layout_loops_ring, minmay_misc_feat_tiny
D:4:      layout_cave_pools, minmay_temple_entry_fiery,
          gammafunk_ghost_nasty_kobolds, minmay_misc_feat_four_crosses,
          minmay_goblin_kobold_house
D:5:      lemuel_insect_pit, layout_loops_cross, nicolae_wu_jian_wuxing_cycle
D:6:      layout_loops_cross, marbit_many_paths, nicolae_sif_muna_little_library
D:7:      layout_rooms, mainiacjoe_overflow_alcove_1,
          minmay_overflow_temple_star_quad, serial_shops, shop,
          minmay_misc_feat_iff, lemuel_flame_loot_1
D:8:      layout_cave_pools, grunt_temple_overflow_open,
          minmay_lair_entry_grove, uniq_grum, uniq_maggie, uniq_maurice
Temple:   nicolae_temple_ecumenical_triangle

Skill      XL: |  1  2  3  4  5  6  7  8  9 |
---------------+----------------------------+-----
Spellcasting   | 5 6 7 |  7.1
Invocations    | 2 3 4 5 |  5.4
Short Blades   | 1 2 3 4 |  4.9
Long Blades    | 1 2 3 4 |  4.9
Axes           | 1 2 3 4 |  4.9
Polearms       | 1 2 3 4 |  4.9
Staves         | 1 2 3 4 |  4.9
Ranged Weapons | 1 2 3 4 |  4.9
Throwing       | 1 2 3 4 |  4.9
Armour         | 1 2 3 4 |  4.9
Stealth        | 1 2 3 4 |  4.9
Shields        | 1 2 3 4 |  4.9
Unarmed Combat | 1 2 3 4 |  4.9
Hexes          | 1 2 3 4 |  4.1
Summonings     | 1 2 3 4 |  4.1
Necromancy     | 1 2 3 4 |  4.1
Translocations | 1 2 3 4 |  4.1
Transmutations | 1 2 3 4 |  4.1
Fire Magic     | 1 2 3 4 |  4.1
Ice Magic      | 1 2 3 4 |  4.1
Air Magic      | 1 2 3 4 |  4.1
Earth Magic    | 1 2 3 4 |  4.1
Poison Magic   | 1 2 3 4 |  4.1
Evocations     | 1 2 3 4 |  4.9
Fighting       | 5 6 |  6.8
Dodging        | 5 6 |  6.8
Maces & Flails | 7 8 |  8.3
Conjurations   | 6 |  6.9

Action                     |  1- 3 |  4- 6 |  7- 9 || total
---------------------------+-------+-------+-------++-------
  Melee: Mace              |    90 |    66 |       ||   156
         Bite              |     7 |    16 |    27 ||    50
         Punch             |     1 |     3 |     5 ||     9
         Flail             |       |   148 |   340 ||   488
   Cast: Momentum Strike   |     2 |     5 |    19 ||    26
         Kiss of Death     |     1 |       |     1 ||     2
         Hailstorm         |       |       |     5 ||     5
  Evoke: Wand              |       |       |    12 ||    12
    Use: Scroll            |       |       |    13 ||    13
         Potion            |       |       |     3 ||     3
   Stab: Sleeping          |       |     2 |     5 ||     7
         Distracted        |       |       |     1 ||     1
 Armour: Leather armour    |    36 |    50 |    83 ||   169
  Dodge: Dodged            |    85 |   111 |   203 ||   399
  Block: Other             |     7 |    46 |    33 ||    86
         Reflection        |       |     2 |     3 ||     5
         Buckler           |       |       |    90 ||    90

Table legend: (Time is in decaauts)
 A = Elapsed time spent in this place.
 B = Non-inter-level travel time spent in this place.
 C = Inter-level travel time spent in this place.
 D = Time resting spent in this place.
 E = Time spent auto-exploring this place.
 F = Levels seen in this place.
 G = Mean time per level.
                   A        B        C        D        E       F      G
               +--------+--------+--------+--------+--------+-----+--------+
         Total |   7843 |   7494 |    349 |   1494 |   4092 |   9 |  871.4 |
       Dungeon |   7794 |   7465 |    329 |   1494 |   4073 |   8 |  974.2 |
        Temple |     48 |     28 |     20 |      0 |     19 |   1 |   48.0 |
               +--------+--------+--------+--------+--------+-----+--------+

Top non-repeatable levels by time:
     D:3: 1325 daAuts
     D:5: 1231 daAuts
     D:6: 1219 daAuts
     D:1: 1169 daAuts
     D:4: 1119 daAuts
     D:2: 952 daAuts
     D:7: 689 daAuts
     D:8: 87 daAuts
  Temple: 48 daAuts
